 Dungeon Crawl Stone Soup version 0.32-a0-481-g9ce6b883f8 (webtiles) character file.

Game seed: 16875529808968769833

387 GordonOverkill the Sneak (level 6, -1/32 HPs)
             Began as a Spriggan Delver on Feb 26, 2024.
             Killed by divine providence
             ... invoked by an orc priest
              (13 damage)
             ... on level 4 of the Dungeon.
             The game lasted 00:06:20 (4867 turns).

GordonOverkill the Sneak (Spriggan Delver)          Turns: 4867, Time: 00:06:21

Health: -1/32      AC:  2    Str:  8    XL:     6   Next: 49%
Magic:  13/13      EV: 18    Int: 13    God:
Gold:   282        SH:  0    Dex: 22    Spells: 14/14 levels left

rFire   + . .        u - +6 mace "Peilusm" {elec, *Noise Dex+5}
rCold   . . .        (no shield)
rNeg    . . .        b - +0 robe
rPois   .            (helmet restricted)
rElec   .            (no cloak)
rCorr   .            (gloves unavailable)
SInv    +            (boots unavailable)
Will    +....        (no amulet)
Stlth   ++++         l - ring of protection from fire
HPRegen 0.25/turn    r - ring of wizardry
MPRegen 0.13/turn

%: wizardry (x1)
@: lethally poisoned (-1 -> -6), very quick
A: very small, no large weapons, unfitting armour, see invisible, speed 3
a: Convert to Beogh


You were on level 4 of the Dungeon.
You visited 1 branch of the dungeon, and saw 5 of its levels.

You collected 282 gold pieces.

Inventory:

Hand Weapons
 a - a +0 short sword
 u - the +6 mace "Peilusm" (weapon) {elec, *Noise Dex+5}
   (You found it on level 2 of the Dungeon)

   Dex+5:     It affects your dexterity (+5).
   *Noise:    It may make a loud noise when swung.
Armour
 b - a +0 robe (worn)
Jewellery
 k - a ring of flight
 l - a ring of protection from fire (left hand)
 r - a ring of wizardry (right hand)
Wands
 g - a wand of digging (3)
Scrolls
 c - a scroll of fog
 d - 2 scrolls of revelation
 h - 7 scrolls of teleportation {unknown}
 i - 5 scrolls of identify {unknown}
 n - a scroll of immolation {unknown}
 s - a scroll of blinking {unknown}
Potions
 f - a potion of haste
 j - a potion of invisibility {unknown}
 m - 4 potions of attraction {unknown}
 o - a potion of heal wounds {unknown}
 p - a potion of ambrosia {unknown}
 q - 2 potions of magic {unknown}
 t - 3 potions of curing {unknown}
 v - a potion of mutation {unknown}
 w - a potion of might {unknown}


   Skills:
 - Level 3.0 Fighting
 - Level 3.0 Short Blades
 - Level 2.6 Dodging
 - Level 7.2 Stealth
 + Level 4.6 Spellcasting
 - Level 3.0 Conjurations
 - Level 2.0 Evocations


You had 14 spell levels left.
You didn't know any spells.
Your spell library contained the following spells:

 Spells                   Type           Power      Damage    Failure   Level
 Ensorcelled Hibernation  Hex/Ice        4%         N/A       12%         2
 Call Canine Familiar     Summ           2%         N/A       24%         3
 Fugue of the Fallen      Necr           2%         N/A       24%         3
 Sigil of Binding         Hex            2%         N/A       24%         3
 Anguish                  Hex/Necr       1%         N/A       58%         4
 Dimensional Bullseye     Hex/Tloc       1%         N/A       58%         4


Dungeon Overview and Level Annotations

Branches:
Dungeon (5/15)
 Temple: D:4-7

Altars:
Elyvilon
Nemelex Xobeh

Shops:
D:3 (


Innate Abilities, Weirdness & Mutations

You are very small and have problems with some larger weapons.
You are too small for most types of armour.
You have supernaturally acute eyesight. (SInv)
You cover ground extremely quickly. (Speed+++)


Message History

There is a large open door here.
You see here a hound skeleton.
There is an open door here.
There is an open door here.
There is an open door here.
You see here a ball python skeleton.
There is a large open door here.
You see here a hound skeleton.
There is a large open door here.
You see here a +0 ring mail.
You see here a +0 ring mail.
There is an open door here.
There is an open door here.
An orc priest is nearby!
An orc priest is nearby!
An orc priest is nearby!
An orc priest is nearby!
An orc priest is nearby!
An orc priest is nearby!
The orc priest shouts!
The orc priest calls down the wrath of Beogh upon you.
You resist with significant effort.
The orc priest calls down the wrath of Beogh upon you.
Pain shoots through your body!
You completely miss the orc priest.
The orc priest hits you with a +2 short sword of venom.
You are poisoned.
You closely miss the orc priest.
You feel very sick. The orc priest completely misses you.
You barely miss the orc priest.
You feel very sick. The orc priest barely misses you.
The orc priest casts a cantrip, but nothing happens.
You sock the orc priest!
The orc priest is severely wounded.
You feel sick.
The orc priest mumbles some strange prayers to Beogh against you.
Beogh smites you!
You die...

..# #.# #.........#.#....##
#.###.###################.#..#.##
.................................
......#####'###########.#.#.##...
..#####.........# #.#.#.#+...
..#####.........#######.#.#.##...
.....##...............#.#.#......
#.##.##...............#.#.#.#####
#...(....##.##..@.....#.#.###
#.###...###.##...o....#.#...#
........# #)##........#.###.#
#######.###.##........#.###.#####
#.....................#..........
#.#####...#...........#####......
#.# ###.#...........########...
#.# #.#..................'...
#.#######.#.......############...


You could see an orc priest.

Vanquished Creatures
  An ogre (D:4)
  A howler monkey (D:4)
  A jelly (D:4)
  2 hounds
  An orc priest (D:4)
  An iguana (D:4)
  6 adders
  A dart slug (D:2)
  A ribbon worm (D:3)
  4 orcs
  6 bats
  8 endoplasms
  2 giant cockroaches
  6 goblins
  3 hobgoblins
  2 jackals (D:4)
  4 quokkas
  7 ball pythons
  2 frilled lizards (D:1)
  2 kobolds
  8 rats
69 creatures vanquished.

Notes
Turn   | Place    | Note
-------+----------+-------------------------------------------
     0 | D:5      | GordonOverkill the Spriggan Delver began the quest for the
                  | Orb.
     0 | D:5      | Reached XP level 1. HP: 11/11 MP: 2/2
    15 | D:5      | Noticed a sleepcap
    25 | D:5      | Noticed a hound
    31 | D:5      | Killed a hound
    32 | D:5      | Reached XP level 2. HP: 16/16 MP: 3/6
    32 | D:5      | Reached XP level 3. HP: 20/20 MP: 3/7
   158 | D:4      | Reached skill level 1 in Conjurations
   158 | D:4      | Reached XP level 4. HP: 24/24 MP: 7/9
   286 | D:4      | Noticed an ogre
   423 | D:3      | Found Jutt's Antique Weapon Shop.
   659 | D:4      | Killed an ogre
   660 | D:4      | Reached XP level 5. HP: 28/28 MP: 10/10
  1214 | D:3      | Reached skill level 1 in Evocations
  1527 | D:3      | Found a sparkling altar of Nemelex Xobeh.
  1527 | D:3      | Found a white marble altar of Elyvilon.
  2658 | D:2      | Identified the +1 whip "Ygaicoex" {antimagic, Int+4}
  2846 | D:2      | Reached XP level 6. HP: 32/32 MP: 11/11
  3161 | D:2      | Identified the +6 mace "Peilusm" {elec, *Noise Dex+5}
  4867 | D:4      | Killed from afar by an orc priest

Illustrated notes

Levels and vault maps discovered:
D:1:      minmay_arrival_cross, layout_loops_cross, serial_park_tiny_pond
D:2:      layout_basic, hangedman_abyss_or_decor_stabs, grunt_ministairs_8
D:3:      layout_loops_cross, gammafunk_temple_overflow_elements, serial_shops,
          shop, minmay_liquid_box
D:4:      layout_basic
D:5:      layout_cave_pools, minmay_temple_entry_wispy, kennysheep_windowed_goal

Skill      XL: |  1  2  3  4  5  6 |
---------------+-------------------+-----
Fighting       | 3 |  3.0
Spellcasting   | 2 3 4 |  4.6
Conjurations   | 1 2 3 |  3.0
Evocations     | 2 |  2.0
Short Blades   | 3 |  3.0
Dodging        | |  2.6
Stealth        | |  7.2

Action                     |  1- 3 |  4- 6 || total
---------------------------+-------+-------++-------
  Melee: Short sword       |     4 |   218 ||   222
         Mace              |       |    37 ||    37
    Use: Scroll            |       |     1 ||     1
   Stab: Sleeping          |     2 |    17 ||    19
         Distracted        |       |     3 ||     3
 Armour: Robe              |       |    78 ||    78
  Dodge: Dodged            |     1 |   172 ||   173

Table legend: (Time is in decaauts)
 A = Elapsed time spent in this place.
 B = Non-inter-level travel time spent in this place.
 C = Inter-level travel time spent in this place.
 D = Time resting spent in this place.
 E = Time spent auto-exploring this place.
 F = Levels seen in this place.
 G = Mean time per level.
                   A        B        C        D        E       F      G
               +--------+--------+--------+--------+--------+-----+--------+
         Total |   3424 |   3301 |    123 |    813 |   1832 |   5 |  684.8 |
       Dungeon |   3424 |   3301 |    123 |    813 |   1832 |   5 |  684.8 |
               +--------+--------+--------+--------+--------+-----+--------+

Top non-repeatable levels by time:
     D:4: 1307 daAuts
     D:3: 815 daAuts
     D:2: 732 daAuts
     D:1: 502 daAuts
     D:5: 67 daAuts
